Cogmind - Beta 16 @@@ ROGUE MODE // 2026.01.25 @ 17:03:07 Player: vorsii Result: Destroyed by G-34 Mercenary with Small Laser Performance ------------- Evolutions (0) 0 Regions Visited (1) 200 Robots Destroyed (18) 90 Value Destroyed (341) 341 Prototype IDs (0) 0 Alien Tech Used (0) 0 Bonus (0) 0 TOTAL SCORE: 631 Bonus ------- None Cogmind --------- Core Integrity 0/250 Matter 290/300 Energy 125/125 System Corruption 0% Temperature Cool (6) Movement Treading (320) Ox2 Location -10/Materials Parts ------- > --- POWER (1) -------- Light Ion Engine > --- PROPULSION (2) --- Light Treads > --- UTILITY (2) ------ High-capacity Storage Unit > --- WEAPON (2) ------- (None) > --- INVENTORY (20) --- Light Ion Engine Light Nuclear Core Terrain Scanner Hacking Suite Peak State ------------ > --- POWER ------------ Light Ion Engine > --- PROPULSION ------- Light Treads Light Treads > --- UTILITY ---------- Small Storage Unit Structural Scanner > --- WEAPON ----------- Light Assault Rifle Light Assault Rifle > --- INVENTORY -------- Light Ion Engine EM Pulse Gun [Rating: 7] Favorites ----------- Power Light Ion Engine Engine Light Ion Engine Propulsion Light Treads Treads Light Treads Leg Aluminum Leg Utility High-capacity Storage Unit Device Structural Scanner Storage High-capacity Storage Unit Weapon Light Assault Rifle Energy Gun EM Pulse Gun Ballistic Gun Light Assault Rifle Special Weapon Mining Laser Build | -11 -10 ------- Run | Yrd Mat Slots Evolved . | . . Power . | . . Propulsion . | . . Utility . | . . Weapon . | . . Parts Attached 17 | 6 11 Power 3 | 1 2 Engine 3 | 1 2 Core . | . . Reactor . | . . Propulsion 5 | 2 3 Treads 2 | 2 . Leg 3 | . 3 Wheel . | . . Hover . | . . Flight . | . . Utility 3 | 1 2 Device 1 | . 1 Storage 2 | 1 1 Processor . | . . Hackware . | . . Protection . | . . Artifact . | . . Weapon 6 | 2 4 Energy Gun 1 | . 1 Energy Cannon . | . . Ballistic Gun 2 | 2 . Ballistic Cannon . | . . Launcher . | . . Special Weapon 3 | . 3 Impact Weapon . | . . Slashing Weapon . | . . Piercing Weapon . | . . Special Melee Weapon . | . . Unidentified Prototypes . | . . Parts Lost 13 | . 13 Power 2 | . 2 Propulsion 4 | . 4 Utility 1 | . 1 Weapon 6 | . 6 Highest Loss Streak 7 | . 7 To Critical Strikes . | . . Average Backups 3 | . 3 Power 1 | . 1 Propulsion . | . . Utility . | . . Weapon . | . . Tool/Special . | . . Unused Backups 3 | . 3 Power 1 | . 1 Propulsion . | . . Utility 2 | . 2 Weapon . | . . Tool/Special . | . . Average Slot Usage (%) 78 | . 78 Engine 9 | . 9 Treads 14 | . 14 Leg 5 | . 5 Device 9 | . 9 Storage 14 | . 14 Energy Gun 1 | . 1 Ballistic Gun 18 | . 18 Special Weapon 4 | . 4 Peak Build Rating 7 | 6 7 Average Rating 5 | 4 5 On Entrance 3 | . 6 Avg Prop Armor Cover (%) . | . . Naked Turns . | . . Heaviest Build 49 | 10 49 Greatest Support 40 | 40 40 Greatest Overweight (x) 14 | 1 14 Average Overweight (x) 1 | . 2 Largest Inventory Capacity 20 | 8 20 Average Capacity 16 | 6 17 Most Carried 7 | 2 7 Average Carried 3 | 1 3 Final Capacity 20 | 8 20 Final Carried 4 | 2 4 Class Distribution -------------------- 100% | Mutant Dominant Class ---------------- Mutant | -10/Materials Resources | -11 -10 ----------- Run | Yrd Mat Matter Collected 461 | 113 348 Remotely . | . . Salvage Created 528 | . 528 Parts 31 | . 31 Haulers Intercepted 1 | . 1 Recyclers Shooed 2 | . 2 Parts Field Recycled . | . . Retrieved Matter . | . . Parts Self-Destructed . | . . Prevented . | . . Parts Restored . | . . Kills | -11 -10 ------- Run | Yrd Mat Combat Hostiles Destroyed 9 | . 9 Guns 8 | . 8 Cannons 1 | . 1 Classes Destroyed 6 | . 6 Worker 5 | . 5 Builder 2 | . 2 Hauler 1 | . 1 Operator 1 | . 1 Swarmer 1 | . 1 Grunt 8 | . 8 Best Kill Streak 7 | . 7 Combat Bots Only 2 | . 2 Max Kills in Single Turn 2 | . 2 Gunslinging . | . . Exploded . | . . Melee . | . . Uniques/NPCs Destroyed . | . . Combat | -11 -10 -------- Run | Yrd Mat Hostile Shots Fired 137 | . 137 Missed 31 | . 31 Hits 106 | . 106 Projectile 106 | . 106 AOE 1 | . 1 Critical Strikes 1 | . 1 Damage Taken 1341 | . 1341 Core 261 | . 261 Absorbed by Shields . | . . Core Remaining (%) 100 | 100 . Volleys Fired 80 | . 80 Largest 2 | . 2 Hottest 140 | . 140 Shots Fired 140 | . 140 Gun 117 | . 117 Cannon . | . . Launcher . | . . Special 23 | . 23 Kinetic 104 | . 104 Thermal 23 | . 23 Explosive . | . . Electromagnetic 13 | . 13 Robot Hit Streak 14 | . 14 Robot Miss Streak 4 | . 4 Penetration Max . | . . Secondary Targets . | . . Shots Hit Robots 90 | . 90 Core Hits 40 | . 40 Critical Kills . | . . Critical Parts Destroyed . | . . Critical Strikes . | . . Melee Attacks . | . . Impact . | . . Slashing . | . . Piercing . | . . Sneak Attacks . | . . Combat Hostiles . | . . Follow-up Attacks . | . . Damage Inflicted 1019 | . 1019 Guns 731 | . 731 Cannons . | . . Explosions 144 | . 144 Melee . | . . Ramming . | . . Kinetic 602 | . 602 Thermal 288 | . 288 Explosive . | . . Electromagnetic 129 | . 129 Impact . | . . Slashing . | . . Piercing . | . . Highest Corruption . | . . Average Corruption . | . . Corruption Purged . | . . Corruption Blocked . | . . Overload Shots . | . . Overflow Damage 21 | . 21 Projectiles 16 | . 16 Explosions 5 | . 5 Melee . | . . Knockbacks . | . . Impact . | . . Kinetic . | . . Secondary . | . . Self-Inflicted Damage 42 | . 42 Shots 2 | . 2 Rammed . | . . Targets Rammed . | . . Kicked . | . . Crushed . | . . Highest Temperature 224 | . 224 Average Temperature 38 | . 38 Received Heat Transfer 420 | . 420 Siege Activations . | . . Martial Activations . | . . Shielding Activations . | . . Robots Disrupted . | . . Combat Hostiles . | . . Robots Corrupted . | . . Combat Hostiles . | . . Parts Fried . | . . Impact Corruptions . | . . Robots Melted . | . . Combat Hostiles . | . . Parts Melted . | . . Heat Transferred 550 | . 550 Parts Sabotaged . | . . Parts Stolen . | . . Parts Stripped . | . . Power Chain Reactions 2 | . 2 Alert | -11 -10 ------- Run | Yrd Mat Maximum Alert Level . | . . Low Security (%) 100 | 100 100 Level 1 . | . . Level 2 . | . . Level 3 . | . . Level 4 . | . . Level 5 . | . . High Security . | . . Max Security . | . . Peak Influence 65 | . 65 Initial . | . . Average 14 | . 15 Influence Increases 336 | . 336 Destroy 0b10 Robot/C 180 | . 180 Destroy 0b10 Robot/NC 45 | . 45 Destroy Leader 62 | . 62 Successful Hack 5 | . 5 Destroy Structure 14 | . 14 Lose Combat Pursuer 30 | . 30 Influence Decreases 336 | . 336 Time Decay 287 | . 287 Lost Part 49 | . 49 Squads Dispatched 5 | . 5 Investigation 2 | . 2 Extermination . | . . Reinforcement 3 | . 3 Assault . | . . Garrison . | . . Intercept . | . . Searches Triggered . | . . Construction Impeded . | . . Haulers Reinforced . | . . Active Scanning Responses . | . . Cargo Convoy Interrupts . | . . Stealth | -11 -10 --------- Run | Yrd Mat Distress Signals . | . . Communications Jammed . | . . Distress Signals . | . . Times Spotted 23 | . 23 Peak Tracking Total 3 | . 3 Tactical Retreats 2 | . 2 Traps | -11 -10 ------- Run | Yrd Mat Traps Triggered . | . . Indirectly . | . . Trap Hack Attempts . | . . Triggered . | . . Disarmed . | . . Reprogrammed . | . . Reused . | . . Traps Extracted . | . . Installed . | . . Triggered . | . . Machines | -11 -10 ---------- Run | Yrd Mat Machines Disabled . | . . Max in Single Turn . | . . Machines Repaired . | . . Machines Dismantled . | . . Machines Sabotaged . | . . Overloaded Fab Kills . | . . Hacking | -11 -10 --------- Run | Yrd Mat Machines Accessed 2 | . 2 Terminals 2 | . 2 Fabricators . | . . Repair Stations . | . . Recycling Units . | . . Scanalyzers . | . . Garrison Access . | . . Total Hacks 7 | . 7 Successful 3 | . 3 Failed 4 | . 4 Catastrophic . | . . Database Lockouts . | . . Manual . | . . Terminals 7 | . 7 Fabricators . | . . Repair Stations . | . . Recycling Units . | . . Scanalyzers . | . . Garrison Access . | . . Terminal Hacks 3 | . 3 Locate Traps 1 | . 1 Zone Layout 2 | . 2 Fabricator Hacks . | . . Repair Station Hacks . | . . Recycling Unit Hacks . | . . Scanalyzer . | . . Garrison Access Hacks . | . . Unauthorized Hacks . | . . Terminals . | . . Fabricators . | . . Repair Stations . | . . Recycling Units . | . . Scanalyzers . | . . Garrison Access . | . . Data Cores Recovered . | . . Used . | . . Hacking Detections 2 | . 2 Full Trace Events 1 | . 1 Feedback Events . | . . Feedback Blocked . | . . Robot Schematics Acquired . | . . Robots Built . | . . Authchips . | . . Time . | . . Total Robot Build Rating . | . . Part Schematics Acquired . | . . Parts Built . | . . Authchips . | . . Time . | . . Total Part Build Rating . | . . Part Studies Acquired . | . . Parts Repaired . | . . Time . | . . Parts Recycled . | . . Recycled Matter . | . . Retrieved Matter . | . . Retrieved Components . | . . Parts Scanalyzed . | . . Part Schematics Acquired . | . . Parts Damaged . | . . Bothacking | -11 -10 ------------ Run | Yrd Mat Used RIF Installer . | . . Robots Hacked . | . . Non-combat . | . . Combat . | . . Robot Hacks Applied . | . . Relay Couplers Released . | . . Fabnet Peak Effective % . | . . Robots Rewired . | . . Allies Hacked . | . . Hacks Repelled . | . . Allies | -11 -10 -------- Run | Yrd Mat Total Allies . | . . Largest Group . | . . Highest-Rated Group . | . . Highest-Rated Ally . | . . Total Orders . | . . Ally Attacks . | . . Total Damage . | . . Kills . | . . Allies Corrupted . | . . Allies Melted . | . . Intel | -11 -10 ------- Run | Yrd Mat Active Infowar (turns) 869 | . 869 Structural 869 | . 869 Robot Analysis Total . | . . Derelict Logs Recovered . | . . Drone Launches . | . . Drone Recoveries . | . . Exploration | -11 -10 ------------- Run | Yrd Mat Turns Passed 1307 | 54 1253 Spaces Moved 384 | 31 353 Core 39 | 9 30 Treads 281 | 22 259 Legs 64 | . 64 Wheels . | . . Hover . | . . Flight . | . . Fastest Speed 50 | 50 160 Average Speed 253 | 132 264 Slowest Speed 750 | 160 750 Overloaded Moves . | . . Propulsion Burnouts . | . . Robots Hopped . | . . Potential Cave-ins . | . . Cave-ins Triggered . | . . Exploration Rate (%) 24 | 4 44 Regions Visited 1 Branch Regions . Pre-discovered Areas . | . . Known Exits Taken . | . . Unknown Exits Taken 1 | 1 . Scrap Searched . | . . Spaces Dug 1 | . 1 Terrain Destroyed 15 | . 15 Melee . | . . Projectile 10 | . 10 AOE 5 | . 5 Terrain Rammed . | . . Walls Destroyed . | . . Machines Disabled . | . . Actions | -11 -10 --------- Run | Yrd Mat Total 551 | 44 507 Wait 47 | . 47 Move 383 | 30 353 Hop . | . . Pick Up 21 | 8 13 Fast Attach . | . . Attach 16 | 6 10 Detach . | . . Swap 3 | . 3 Drop 1 | . 1 Fire 80 | . 80 Melee . | . . Ram . | . . Kick . | . . Crush . | . . Escape Stasis . | . . Rewire . | . . Trap . | . . Miscellaneous . | . . Route ------- -11/Scrapyard -10/Materials (discovered 4 exits: [*Mat x2] / [*Min] / [Sub]) History --------- Turn | Location | Event 11 | -11/Scrapyard | Discovered new exit (range 15) 55 | -11/Scrapyard | Entered Materials 171 | -10/Materials | Discovered new exit (range 9) 211 | -10/Materials | Discovered new exit (range 15) 216 | -10/Materials | Discovered new exit (range 6) 315 | -10/Materials | Build established: Mutant 884 | -10/Materials | Lost 3 parts (1n2w) 955 | -10/Materials | Discovered new exit (range 16) 986 | -10/Materials | Core integrity fell below 50% 1048 | -10/Materials | Core integrity fell below 20% 1076 | -10/Materials | Lost 7 parts (1p2n1u3w) 1308 | -10/Materials | Destroyed by G-34 Mercenary with Small Laser Last Messages --------------- 01046_ U-05 Engineer builds a Wall. 01048_ Destroyed Lgt. Ion Engine. 01048_ S-10 Pest destroyed. 01052_ U-05 Engineer builds a Wall. 01065_ U-05 Engineer lays Concrete. 01067_ U-05 Engineer builds a Wall. 01076_ Acquired 15 matter. 01081_ U-05 Engineer lays Concrete. 01108_ R-06 Scavenger collects Mining Laser. 01115_ R-06 Scavenger collects Lgt. Assault Rifle. 01119_ R-06 Scavenger collects Weight Redist. System. 01140_ U-05 Engineer builds a Wall. 01174_ Acquired Lgt. Ion Engine. 01177_ U-05 Engineer lays Concrete. 01184_ U-05 Engineer builds a Wall. 01194_ R-06 Scavenger collects Corrupted Ion Engine. 01198_ R-06 Scavenger collects Flight Unit. 01230_ ALERT: Hostiles spotted, dispatching reinforcements to Terminal M003. 01288_ Mining Laser destroyed. Map ----- +----------------------------------------------------+ | | | | | | | | | | | | | | | | | | | | | | | | | | | | | ?????????????????????????????????????????????????? | | ?????????????????????????????????????????????????? | | ?????????????????????????????????????????????????? | | ?????????????????????????????????????????????????? | | ????????????????????????????#####????????????????? | | ????????????????????????????######???????????????? | | ?????????????????????######## ##???????????????? | | ?????????????????????# # < # ???????????????? | | ?????????????????????# """ # # ???????????????? | | ?????????????????????# """ g + ???????????????? | | ?????????????????????# """ # # ???????????????? | | ?????????????????????# @ # # ???????????????? | | ?????????????????????# = # # ???????????????? | | ?????????????????????######## # ???????????????? | | ???????????????????????????## ##???????????????? | | ???????????????????????????## ######???????????? | | ???????????????????????????## ####### " ???? | | ???????????????????????????## = ???? | | ???????????????????????????## %[ ???? | | ???????????????????????????## *######### ???? | | ???????????????????????????## #########??????????? | | #??????????????????????????## ###########????????? | | #??????????????????????????## ## # ####????????? | | #??????????????????????????##%## # ### ###???????? | | ?????????????????????????### #! |###???????? | | ?????????????????????????### # ## ???????? | | ??????????????????????? #### # ! ## ???????? | | ??????????????? ## #### # ! ## ???????? | | ?????????????? ##+######### #% ## ???????? | | ???????????? %#| ## ???????? | | ???????????? #* ###???????? | | ???????????? %/ ###???????? | | ???????? ##+####### =# ##????????? | | "T" ############ ##### ## ### ####????????? | | ########### ##???##" # #######????????? | | ## ##???##"" # ## ?????????? | +----------------------------------------------------+ Best States ------------- Heat Dissipation 25 Energy Generation 10 Energy Capacity 250 Matter Stores 300 Matter Capacity 300 Sight Range 16 Terrain Scan Density 10 Evasion (%) 40 Recoil Reduction 2 Item Schematics ----------------- None Robot Schematics ------------------ None Fabricated ------------ Nothing Repaired ---------- Nothing Studied --------- None Alien Tech Used ----------------- None Achievements -------------- None Challenges ------------ None Game ------ Seed CoolingWarlordCarapace Manual? 0 Play Time 00:11:25 Cumulative 17.7 hours Start 2026.01.25 @ 16:50:11 End 2026.01.25 @ 17:03:07 Sessions 1 Manual Loads 0 Difficulty Rogue Special Mode None Game No. 26 Rogue 26 Adventurer 0 Explorer 0 Win Type - Total 0 Types 0/0/0/0/0/0/0/0/0/0 Lore% 22 Gallery% 13 Achievement% 15 Wizard Run 0 Options --------- Layout 0 ASCII 0 Keyboard 0 Movement Mouse Keybinds 0 Fullscreen 1 Font 36/Smallcaps Map View 76x50 Zoom Use 0% Tactical HUD 1 Map Filters NONE Filters NONE Steam 1 RUN: e76bbffa-4aa2-46e5-b5a7-bc6472494bf7